 Dungeon Crawl Stone Soup version 0.20.1-1-g8b1a95d (webtiles) character file.

385 equalderp2856 the Scratcher (level 6, 0/28 HPs)
             Began as a Felid Fighter on Aug 11, 2017.
             Slain by Prince Ribbit (8 damage)
             ... on level 7 of the Dungeon.
             The game lasted 00:11:56 (6668 turns).

equalderp2856 the Scratcher (Felid Fighter)         Turns: 6668, Time: 00:11:57

Health: 0/28       AC:  2    Str: 13    XL:     6   Next: 48%
Magic:  7/7        EV: 22    Int:  9    God:
Gold:   177        SH:  0    Dex: 17    Spells: 5/5 levels left
                                        Lives:  0   Deaths: 2

rFire    . . .     SeeInvis +     - Unarmed
rCold    . . .     Gourm    .   (shield unavailable)
rNeg     . . .     Faith    .   (armour unavailable)
rPois    .         Spirit   .   (helmet unavailable)
rElec    .         Reflect  .   (cloak unavailable)
rCorr    .         Harm     .   (gloves unavailable)
MR       .....                  (boots unavailable)
Stlth    +++.......             (no amulet)
Regen    0.1/turn               (no ring)
MPRegen  0.1/turn               (no ring)

@: quick
A: no armour, no weapons or thrown items, stealth, claws 1, fangs 3, see
invisible, carnivore 3, speed 1, shaggy fur 2, slow metabolism 1, sharp paws
a: no special abilities


You were on level 7 of the Dungeon.
You were not hungry.

You visited 1 branch of the dungeon, and saw 7 of its levels.

You collected 177 gold pieces.

Inventory:

Missiles
 d - 165 stones
 q - 21 poisoned needles
Magical Staves
 n - an uncursed staff of earth {unknown}
Jewellery
 u - a cursed ring of teleportation {unknown}
Wands
 p - a wand of scattershot (3/9)
 s - a wand of iceblast (14/15)
Scrolls
 e - 2 scrolls of fear {unknown}
 f - 4 scrolls of enchant weapon {unknown}
 g - 2 scrolls of magic mapping {unknown}
 h - a scroll of immolation {unknown}
 i - a scroll of amnesia {unknown}
 j - a scroll of noise {unknown}
 k - 3 scrolls of identify {unknown}
 l - a scroll of recharging {unknown}
 m - a scroll of blinking {unknown}
 o - 2 scrolls of remove curse {unknown}
Potions
 a - a potion of might
Comestibles
 b - 4 meat rations
 t - a royal jelly


   Skills:
 + Level 3.7 Fighting
 + Level 6.3 Dodging
 + Level 3.8 Stealth
 + Level 7.9 Unarmed Combat


You had 5 spell levels left.
You didn't know any spells.

Dungeon Overview and Level Annotations

Branches:
Dungeon (7/15)             Temple (0/1) D:4

Altars:

Annotations:
D:6 Dowan; Duvessa; Enish's ghost, novice BaSk
D:7 Pikel; Prince Ribbit


Innate Abilities, Weirdness & Mutations

You cannot wear armour.
You are incapable of wielding weapons or throwing items.
Your paws allow you to move quietly. (Stealth)
You have sharp claws.
You have razor-sharp teeth.
You have supernaturally acute eyesight. (SInv)
You are carnivorous and can eat meat at any time.
You cover ground quickly.
You are covered in thick fur. (AC +2)
You have a slow metabolism.
Your sharp claws are effective at attacking unaware monsters.


Message History

The big kobold closely misses you.
The kobold throws a stone.
The stone completely misses you.
The kobold shouts!
The phantom blinks!
The kobold misses you.
Found an escape hatch in the ceiling.
Found a wand of scattershot (?/9).
A troll comes into view.
The troll shouts!
Prince Ribbit comes into view.
Prince Ribbit misses you. Prince Ribbit closely misses you.
There is a fountain of clear blue water here.
Prince Ribbit hits you!
Ouch! That really hurt!
Prince Ribbit misses you.
Prince Ribbit blinks!
Prince Ribbit hits you.
* * * LOW HITPOINT WARNING * * *
Prince Ribbit hits you!
You die...

#.###...##
..... ..
#.##.....##...
#.
#.#.8...8.#.#
#.K.........#
##.T..⌠.....#
#.........##
##.8...8.##
##....F##
##..@## #####


You could see Prince Ribbit, a troll and a kobold.

Vanquished Creatures
  Menkaure (D:5)
  An ice beast (D:6)
  A howler monkey (D:5)
  A crimson imp (D:5)
  3 hounds
  An orc priest (D:4)
  Ijyb (D:3)
  2 iguanas (D:4)
  An orc wizard (D:5)
  5 worker ants
  2 worker ant zombies
  A howler monkey skeleton (D:5)
  6 adders
  An ooze (D:3)
  2 adder skeletons
  A dart slug (D:2)
  2 leopard geckos
  12 orcs
  2 ball pythons
  2 bats
  3 giant cockroaches
  7 goblins
  11 hobgoblins
  16 jackals
  4 quokkas
  7 frilled lizards
  11 kobolds
  A quokka skeleton (D:4)
  11 rats
119 creatures vanquished.

Notes
Turn   | Place    | Note
-------+----------+-------------------------------------------
     0 | D:1      | equalderp2856 the Felid Fighter began the quest for the Orb.
     0 | D:1      | Reached XP level 1. HP: 10/10 MP: 2/2
   197 | D:1      | Reached XP level 2. HP: 12/14 MP: 3/3
   807 | D:2      | Reached XP level 3. HP: 10/17 MP: 4/4
  1509 | D:2      | Reached skill level 1 in Stealth
  2053 | D:3      | Reached skill level 5 in Unarmed Combat
  2088 | D:3      | Reached XP level 4. HP: 21/21 MP: 5/5
  2190 | D:3      | Noticed Ijyb
  2220 | D:3      | Killed Ijyb
  3118 | D:3      | Reached XP level 5. HP: 16/24 MP: 6/6
  3761 | D:4      | Reached skill level 6 in Unarmed Combat
  4017 | D:4      | Reached skill level 5 in Dodging
  4400 | D:5      | Entered Level 5 of the Dungeon
  4459 | D:4      | Killed from afar by an orc priest
  4460 | D:4      | Reached XP level 4. HP: -1/21 MP: 5/5
  4493 | D:4      | Reached XP level 5. HP: 24/24 MP: 6/6
  4552 | D:4      | Found a staircase to the Ecumenical Temple.
  4740 | D:5      | Gained mutation: You are covered in thick fur. (AC +2) [Felid growth]
  4740 | D:5      | Reached XP level 6. HP: 21/28 MP: 7/7
  4960 | D:5      | Reached skill level 7 in Unarmed Combat
  5143 | D:5      | Noticed an ice beast
  5144 | D:5      | Noticed Menkaure
  5163 | D:6      | Killed an ice beast
  5494 | D:5      | Killed Menkaure
  5748 | D:5      | Reached XP level 7. HP: 12/31 MP: 8/8
  6352 | D:6      | Noticed Enish's ghost (novice BaSk)
  6386 | D:6      | Slain by a centaur
  6387 | D:6      | Reached XP level 6. HP: -3/28 MP: 7/7
  6421 | D:6      | Noticed Dowan
  6422 | D:6      | Noticed Duvessa
  6427 | D:7      | Noticed Pikel
  6427 | D:7      | Noticed a slave
  6427 | D:7      | Noticed a slave
  6427 | D:7      | Noticed a slave
  6427 | D:7      | Noticed a hippogriff
  6635 | D:7      | Noticed a troll
  6656 | D:7      | Noticed Prince Ribbit
  6668 | D:7      | Slain by Prince Ribbit

Skill      XL: |  1  2  3  4  5  6 |
---------------+-------------------+-----
Stealth        | 1 2 3 |  3.8
Unarmed Combat | 5 6 7 |  7.9
Dodging        | 5 6 |  6.3
Fighting       | |  3.7

Action                   |  1- 3 |  4- 6 |  7- 9 || total
-------------------------+-------+-------+-------++-------
Melee: Unarmed           |   110 |   210 |    25 ||   345
       Bite              |     8 |    23 |     4 ||    35
       Punch             |     2 |     8 |     1 ||    11
  Use: Potion            |       |     1 |     2 ||     3
 Stab: Sleeping          |     4 |     5 |     1 ||    10
  Eat: Chunk             |     2 |     8 |       ||    10
Armor: Skin              |     2 |     5 |     1 ||     8
Dodge: Dodged            |    94 |   198 |    25 ||   317
